 Dungeon Crawl Stone Soup version 0.19.5 (webtiles) character file.

37275 galech the Severer (level 13, -1/118 HPs)
             Began as a Minotaur Fighter on Mar 22, 2017.
             Was a High Priest of Okawaru.
             Slain by a dire elephant (35 damage)
             ... on level 2 of the Lair of Beasts.
             The game lasted 00:49:02 (17523 turns).

galech the Severer (Minotaur Fighter)              Turns: 17523, Time: 00:49:03

Health: -1/118     AC: 10    Str: 40    XL:     13   Next: 57%
Magic:  11/13      EV: 24    Int:  5    God:    Okawaru [*****.]
Gold:   656        SH:  3    Dex: 10    Spells: 0 memorised, 12 levels left

rFire  + . .     SeeInvis +     s - +1 executioner's axe of the Thoughtful Hells {speed, rF+ Str+4}
rCold  . . .     Gourm    .     y - +3 robe "Siunik" {rElec Str+5}
rNeg   . . .     Faith    .     (shield currently unavailable)
rPois  .         Spirit   .     (helmet restricted)
rElec  +         Reflect  +     w - +1 cloak of Valour {Str+5}
rCorr  +         Harm     .     m - +0 pair of gloves
MR     .....                    (no boots)
Stlth  ++........               i - +3 amulet of reflection
                                I - ring of resist corrosion
                                A - ring "Kegoipauno" {EV+5 SInv}

@: heroism, studying Stealth
A: retaliatory headbutt, horns 2
a: Heroism, Finesse, Renounce Religion


You were on level 2 of the Lair of Beasts.
You worshipped Okawaru.
Okawaru was extremely pleased with you.
You were not hungry.

You visited 4 branches of the dungeon, and saw 16 of its levels.

You collected 1638 gold pieces.
You spent 982 gold pieces at shops.

Inventory:

Hand Weapons
 a - a +1 war axe
 s - the +1 executioner's axe of the Thoughtful Hells (weapon) {speed, rF+ Str+4}
   (Okawaru gifted it to you on level 2 of the Lair of Beasts)

   Attacks with this weapon are significantly faster.
   It affects your strength (+4).
   It protects you from fire.
 T - a +9 war axe
Missiles
 H - 2 poisoned tomahawks
 J - 5 tomahawks of returning
 O - 4 tomahawks
 V - 3 needles of sleeping
 W - 5 steel tomahawks (quivered)
Armour
 c - a +1 shield
 m - a +0 pair of gloves (worn)
 w - the +1 cloak of Valour (worn) {Str+5}
   (Okawaru gifted it to you on level 2 of the Orcish Mines)

   It affects your strength (+5).
 y - the +3 robe "Siunik" (worn) {rElec Str+5}
   (You found it on level 6 of the Dungeon)

   It affects your strength (+5).
   It insulates you from electricity.
 B - the +3 ring mail of Dithmenos's Supremacy {SInv}
   (You found it on level 6 of the Dungeon)

   It lets you see invisible.
 P - the +0 scale mail of Rorchainy {rN+}
   (You found it on level 10 of the Dungeon)

   It protects you from negative energy.
 R - the +1 cloak of the Lost Beggars {+Inv rElec MR++ Int-5}
   (Okawaru gifted it to you on level 9 of the Dungeon)

   It affects your intelligence (-5).
   It insulates you from electricity.
   It affects your resistance to hostile enchantments.
   It lets you turn invisible.
 S - a +0 robe of positive energy
 U - the +1 plate armour "Axizuili" {rPois MR+ Dex-2}
   (Okawaru gifted it to you on level 1 of the Lair of Beasts)

   It affects your dexterity (-2).
   It protects you from poison.
   It affects your resistance to hostile enchantments.
 Z - a +1 scale mail of poison resistance
Jewellery
 i - a +3 amulet of reflection (around neck)
 A - the ring "Kegoipauno" (left hand) {EV+5 SInv}
   (You found it on level 5 of the Dungeon)

   [ring of evasion]

   It affects your evasion (+5).
   It lets you see invisible.
 I - a ring of resist corrosion (right hand)
Wands
 d - a wand of confusion (40/48)
 E - a wand of flame (16/48)
 N - a wand of lightning (8/15)
 X - a wand of heal wounds (6/9)
Scrolls
 e - a scroll of magic mapping
 g - 3 scrolls of fog
 h - a scroll of recharging
 n - a scroll of teleportation
 p - a scroll of summoning {unknown}
 r - 9 scrolls of remove curse
 D - 3 scrolls of amnesia
 K - 5 scrolls of identify
 Y - a scroll of silence {unknown}
Potions
 j - 3 potions of agility
 l - 3 potions of flight
 t - 2 potions of haste
 v - 5 potions of curing
 x - 3 potions of might
 F - 3 potions of lignification {unknown}
 G - a potion of berserk rage {unknown}
 M - a potion of ambrosia {unknown}
Books
 b - a book of Changes

   Spells                             Type                      Level
   a - Beastly Appendage              Transmutation                1
   b - Sticks to Snakes               Transmutation                2
   c - Spider Form                    Transmutation/Poison         3
   d - Ice Form                       Ice/Transmutation            4
   e - Blade Hands                    Transmutation                5
 o - a manual of Stealth
Comestibles
 f - 9 bread rations
 q - 2 beef jerkies
 u - 2 fruits
 z - 6 slices of pizza
 C - 5 meat rations
 L - 13 royal jellies


   Skills:
 + Level 12.1(17.1) Fighting
 + Level 16.2(21.2) Axes
 + Level 4.7(9.7) Throwing
 + Level 6.5(11.5) Armour
 + Level 9.6(14.6) Dodging
 + Level 5.0(10.0) Stealth
 + Level 12.8(17.8) Shields
 + Level 2.6 Invocations
 + Level 0.1 Evocations


You had 12 spell levels left.
You didn't know any spells.

Dungeon Overview and Level Annotations

Branches:
Dungeon (11/15)            Temple (1/1) D:4            Lair (2/6) D:11
    Orc (2/2) D:9             Elf (0/3) Orc:2
  Swamp: Lair:2-4    Shoals: Lair:2-4     Snake: Lair:2-4    Spider: Lair:2-4

Altars:
Ashenzari
Cheibriados
Dithmenos
Elyvilon
Fedhas
Gozag
Hepliaklqana
Kikubaaqudgha
Makhleb
Nemelex Xobeh
Okawaru
Qazlal
Ru
Trog
Uskayaw
Vehumet
Xom
Yredelemnul
Zin

Shops:
Orc:2 [}}*


Innate Abilities, Weirdness & Mutations

You reflexively headbutt those who attack you in melee.
You have a pair of horns on your head.


Message History

The dire elephant closely misses you. You furiously retaliate!
You headbutt the dire elephant.
The dire elephant completely misses you.
Your unstable footing causes you to fumble your attack.
You hit the dire elephant.
You headbutt the dire elephant, but do no damage.
The dire elephant is heavily wounded.
The dire elephant closely misses you. You furiously retaliate!
You headbutt the dire elephant, but do no damage.
The dire elephant misses you.
You hit the dire elephant.
You headbutt the dire elephant, but do no damage.
The dire elephant is heavily wounded.
Your unstable footing causes you to fumble your attack.
The dire elephant tramples you but does no damage.
The dire elephant closely misses you.
You slice the dire elephant!!
The dire elephant is severely wounded.
The dire elephant tramples you!!
You die...

.≈≈≈≈≈≈8##≈÷≈≈##♣≈≈≈#
).≈≈#≈Y##≈≈≈≈≈≈##≈≈≈#
$Y≈##§≈#≈≈≈##≈≈≈≈≈≈≈#
.≈≈ ##≈≈≈≈####≈≈≈≈≈≈#
## ###### #####≈≈#
##'#
#♣♣♣#♣♣##♣♣♣♣##♣♣≈≈♣
♣♣.≈≈≈≈≈♣♣≈≈♣≈≈≈≈Y≈≈♣
...≈≈≈≈≈≈≈≈≈≈≈≈≈@≈≈≈♣
..≈≈≈≈≈≈≈≈≈≈≈≈≈≈≈≈≈♣♣
#[.
..≈≈≈≈≈♣♣≈≈♣♣♣≈≈♣♣♣♣
#.. ..≈P≈≈≈♣♣♣♣♣ ♣♣♣♣
#####.. ...≈≈≈≈≈≈≈
.......## †...≈≈≈≈≈≈≈
.......P. .....≈≈≈≈≈≈
...........
.......≈≈≈≈≈
...........
......≈≈≈≈≈≈.
#...........


You could see a dire elephant.

Vanquished Creatures
  A dire elephant (Lair:2)
  Josephine (D:9)
  Harold (Orc:1)
  7 hydras
  A death yak (D:11)
  4 orc high priests
  Nergalle (D:11)
  The ghost of PeterLawrence the Basher, a novice MiFi of Okawaru (D:9)
  2 hill giants
  4 orc knights
  A cyclops (D:11)
  5 orc sorcerers (Orc:2)
  An ugly thing (D:11)
  An elephant (Lair:2)
  2 black mambas
  2 torpor snails (Lair:2)
  A komodo dragon (Lair:1)
  9 spiny frogs
  A queen bee (D:11)
  A troll (D:9)
  8 blink frogs
  2 hippogriffs (Lair:1)
  A spriggan (D:8)
  4 wraiths
  4 wyverns
  A vampire (D:7)
  18 yaks
  A hungry ghost (D:9)
  4 wargs
  A soldier ant (D:9)
  8 porcupines (Lair:1)
  2 water moccasins (Lair:1)
  The ghost of pps the Charlatan, an amateur SpAr (D:4)
  2 sky beasts
  15 orc warriors
  2 ice beasts (D:10)
  3 necrophages
  10 ogres
  3 centaurs
  3 crocodiles
  2 big kobolds
  10 bullfrogs
  4 scorpions
  A water moccasin zombie (D:5)
  27 killer bees
  3 wights (D:8)
  4 electric eels
  3 howler monkeys
  4 crimson imps
  A bullfrog zombie (D:8)
  A centaur zombie (D:8)
  4 quasits
  8 hounds
  Crazy Yiuf (D:3)
  A centaur skeleton (D:5)
  19 orc priests
  2 jellies
  22 orc wizards
  A bullfrog skeleton (D:9)
  An iguana (D:9)
  7 worker ants
  A killer bee zombie (D:5)
  A hound skeleton (D:6)
  4 gnolls (D:4)
  9 adders
  A shadow imp (D:8)
  2 adder skeletons (D:9)
  4 worms
  2 dart slugs
  7 leopard geckos
  62 orcs
  2 bats
  3 giant cockroaches
  8 goblins
  10 hobgoblins
  14 jackals
  6 quokkas
  A ball python (D:8)
  6 frilled lizards
  A jackal zombie (D:6)
  19 kobolds
  A quokka skeleton (D:8)
  9 rats
  3 fungi
442 creatures vanquished.

Vanquished Creatures (others)
  2 plants
  7 toadstools (Lair:2)
9 creatures vanquished.

Grand Total: 451 creatures vanquished

Notes
Turn   | Place    | Note
-------+----------+-------------------------------------------
     0 | D:1      | galech the Minotaur Fighter began the quest for the Orb.
     0 | D:1      | Reached XP level 1. HP: 19/19 MP: 0/0
   115 | D:1      | Reached XP level 2. HP: 27/27 MP: 1/1
   542 | D:1      | Reached XP level 3. HP: 25/33 MP: 2/2
   691 | D:1      | Found a sparkling altar of Nemelex Xobeh.
   782 | D:2      | Reached skill level 3 in Axes
  1038 | D:2      | Reached XP level 4. HP: 26/40 MP: 3/3
  1499 | D:3      | Found a shattered altar of Ashenzari.
  1625 | D:3      | Found a white marble altar of Elyvilon.
  2008 | D:3      | Reached skill level 4 in Axes
  2008 | D:3      | Reached XP level 5. HP: 29/47 MP: 4/4
  2172 | D:3      | Found a runed door.
  2176 | D:3      | Noticed Crazy Yiuf
  2181 | D:3      | Killed Crazy Yiuf
  2527 | D:3      | Found a blossoming altar of Fedhas.
  2747 | D:4      | Reached skill level 1 in Dodging
  2783 | D:4      | Noticed an ogre
  2790 | D:4      | Killed an ogre
  2790 | D:4      | Reached skill level 5 in Axes
  2790 | D:4      | Reached skill level 5 in Shields
  2790 | D:4      | Reached XP level 6. HP: 32/55 MP: 5/5
  2849 | D:4      | Noticed pps's ghost (amateur SpAr)
  2892 | D:4      | Killed pps's ghost
  2892 | D:4      | Reached skill level 1 in Throwing
  2969 | D:4      | Reached skill level 1 in Stealth
  3234 | D:4      | Reached XP level 7. HP: 60/60 MP: 6/6
  3397 | D:4      | Reached skill level 5 in Fighting
  3650 | D:4      | Found a staircase to the Ecumenical Temple.
  3656 | Temple   | Entered the Ecumenical Temple
  3663 | Temple   | Became a worshipper of Warmaster Okawaru
  4119 | D:5      | Entered Level 5 of the Dungeon
  4140 | D:5      | Reached skill level 5 in Armour
  4140 | D:5      | Reached skill level 6 in Axes
  4432 | D:5      | Found a sacrificial altar of Ru.
  4440 | D:5      | Got a vibrating platinum ring
  4441 | D:5      | Identified the ring "Kegoipauno" {EV+5 SInv} (You found it on level 5 of the Dungeon)
  4525 | D:5      | Reached * piety under Okawaru
  4525 | D:5      | Reached XP level 8. HP: 69/69 MP: 7/7
  4827 | D:5      | Found a bloodstained altar of Trog.
  4834 | D:5      | Reached skill level 7 in Axes
  5196 | D:6      | Found a snail-covered altar of Cheibriados.
  5345 | D:6      | Got an ichor-stained robe
  5356 | D:6      | Identified the +3 robe "Siunik" {rElec Str+5} (You found it on level 6 of the Dungeon)
  5379 | D:6      | Found a glowing silver altar of Zin.
  5497 | D:6      | Got a smoking ring mail
  5508 | D:6      | Identified the +3 ring mail of Dithmenos's Supremacy {SInv} (You found it on level 6 of the Dungeon)
  5583 | D:6      | Found a burning altar of Makhleb.
  5812 | D:7      | Reached ** piety under Okawaru
  6047 | D:7      | Reached skill level 8 in Axes
  6051 | D:7      | Found a radiant altar of Vehumet.
  6294 | D:7      | Found a shadowy altar of Dithmenos.
  6307 | D:7      | Reached XP level 9. HP: 74/74 MP: 8/8
  6596 | D:8      | Noticed a hand axe
  6596 | D:8      | Noticed a hand axe
  6607 | D:8      | Reached skill level 9 in Axes
  6620 | D:8      | Reached *** piety under Okawaru
  6723 | D:8      | Found a hide-covered altar of Uskayaw.
  7076 | D:8      | Found a hazy altar of Hepliaklqana.
  7375 | D:9      | Reached skill level 10 in Axes
  7702 | D:9      | Found a staircase to the Orcish Mines.
  7813 | D:9      | Reached **** piety under Okawaru
  7825 | D:9      | Noticed a troll
  7833 | D:9      | Killed a troll
  7833 | D:9      | Reached XP level 10. HP: 84/84 MP: 9/9
  8012 | D:9      | Noticed PeterLawrence's ghost (novice MiFi)
  8033 | D:9      | Killed PeterLawrence's ghost
  8280 | D:10     | Entered Level 10 of the Dungeon
  8288 | D:10     | Noticed a hill giant
  8295 | D:10     | Killed a hill giant
  8295 | D:10     | Received a gift from Okawaru
  8295 | D:10     | Reached skill level 5 in Dodging
  8374 | D:10     | Reached skill level 11 in Axes
  8393 | D:10     | Noticed Josephine
  8735 | D:10     | Reached ***** piety under Okawaru
  9103 | D:10     | Got a slimy scale mail
  9114 | D:10     | Identified the +0 scale mail of Rorchainy {rN+} (You found it on level 10 of the Dungeon)
  9508 | D:9      | Killed Josephine
  9508 | D:9      | Received a gift from Okawaru
  9513 | D:9      | Got a pitted cloak {god gift}
  9524 | D:9      | Identified the +1 cloak of the Lost Beggars {+Inv rElec MR++ Int-5} (Okawaru gifted it to you on level 9 of the Dungeon)
  9524 | D:9      | Lost intelligence.
  9697 | D:11     | Noticed an eight-headed hydra
  9802 | Orc:1    | Entered Level 1 of the Orcish Mines
  9847 | Orc:1    | Noticed Harold
  9985 | Orc:1    | Killed Harold
  9985 | Orc:1    | Reached skill level 12 in Axes
  9985 | Orc:1    | Reached skill level 10 in Shields
  9985 | Orc:1    | Reached XP level 11. HP: 39/94 MP: 8/10
 10814 | Orc:1    | Noticed an orc high priest
 10828 | Orc:1    | Noticed a sun demon
 10828 | Orc:1    | Noticed a sixfirhy
 10829 | Orc:1    | Killed an orc high priest
 11150 | Orc:2    | Entered Level 2 of the Orcish Mines
 11151 | Orc:2    | Identified a scroll of acquirement
 11523 | Orc:2    | Noticed an orc sorcerer
 11535 | Orc:2    | Killed an orc sorcerer
 11643 | Orc:2    | Noticed an orc sorcerer
 11648 | Orc:2    | Noticed an orc knight
 11649 | Orc:2    | Found a labyrinth entrance.
 11773 | Orc:2    | Noticed an orc high priest
 11794 | Orc:2    | Killed an orc high priest
 11794 | Orc:2    | Reached skill level 13 in Axes
 12241 | Orc:1    | Killed an orc knight
 12433 | Orc:2    | Noticed an orc sorcerer
 12444 | Orc:2    | Noticed a soul eater
 12444 | Orc:2    | Killed an orc sorcerer
 12449 | Orc:2    | Noticed an orc high priest
 12473 | Orc:2    | Noticed a sixfirhy
 12475 | Orc:2    | Killed an orc high priest
 12760 | Orc:2    | Noticed an orc sorcerer
 12772 | Orc:2    | Noticed an orc high priest
 12773 | Orc:2    | Noticed an orc knight
 12798 | Orc:2    | Noticed a sun demon
 13092 | Orc:2    | Killed an orc high priest
 13147 | Orc:2    | Paralysed by an orc sorcerer for 3 turns
 13151 | Orc:2    | Killed an orc sorcerer
 13151 | Orc:2    | Received a gift from Okawaru
 13154 | Orc:2    | Got a heavily runed cloak {god gift}
 13168 | Orc:2    | Identified the +1 cloak of Valour {Str+5} (Okawaru gifted it to you on level 2 of the Orcish Mines)
 13220 | Orc:2    | Found a staircase to the Elven Halls.
 13231 | Orc:2    | Noticed an orc knight
 13245 | Orc:2    | Killed an orc knight
 13320 | Orc:2    | Found Kickun's Armour Shoppe.
 13330 | Orc:2    | Noticed an orc knight
 13346 | Orc:2    | Killed an orc knight
 13346 | Orc:2    | Reached XP level 12. HP: 106/106 MP: 8/11
 13380 | Orc:2    | Reached skill level 10 in Fighting
 13382 | Orc:2    | Paralysed by an orc sorcerer for 5 turns
 13571 | Orc:2    | Found Osuok's General Store.
 13576 | Orc:2    | Found Colafreu's Gadget Shop.
 13582 | Orc:2    | Found Ahuic's Gadget Shoppe.
 13609 | Orc:2    | Bought a scroll of identify for 30 gold pieces
 13609 | Orc:2    | Bought a scroll of magic mapping for 52 gold pieces
 13621 | Orc:2    | Bought a wand of heal wounds (6/9) for 900 gold pieces
 13872 | D:11     | Noticed Nergalle
 13887 | D:11     | Killed Nergalle
 13887 | D:11     | Reached skill level 14 in Axes
 13894 | D:11     | Noticed a death yak
 13907 | D:11     | Killed a death yak
 13920 | D:11     | Found a staircase to the Lair.
 14287 | D:11     | Reached skill level 1 in Invocations
 14536 | Lair:1   | Entered Level 1 of the Lair of Beasts
 14655 | Lair:1   | Reached skill level 15 in Axes
 14661 | Lair:1   | Received a gift from Okawaru
 14669 | Lair:1   | Got a pitted plate armour {god gift}
 14680 | Lair:1   | Identified the +1 plate armour "Axizuili" {rPois MR+ Dex-2} (Okawaru gifted it to you on level 1 of the Lair of Beasts)
 14886 | Lair:1   | Noticed a four-headed hydra
 14897 | Lair:1   | Killed an 11-headed hydra
 15419 | Lair:1   | Noticed a four-headed hydra
 15422 | Lair:1   | Noticed a six-headed hydra
 15440 | Lair:1   | Killed an eight-headed hydra
 15440 | Lair:1   | Reached XP level 13. HP: 97/116 MP: 10/13
 17006 | Lair:2   | Received a gift from Okawaru
 17010 | Lair:2   | Reached skill level 5 in Stealth
 17015 | Lair:2   | Got a fine executioner's axe {god gift}
 17021 | Lair:2   | Identified the +1 executioner's axe of the Thoughtful Hells {speed, rF+ Str+4} (Okawaru gifted it to you on level 2 of the Lair of Beasts)
 17168 | Lair:2   | Reached skill level 16 in Axes
 17282 | Lair:2   | Found a runed door.
 17321 | Lair:2   | Noticed a dire elephant
 17321 | Lair:2   | Noticed a dire elephant
 17335 | Lair:2   | Killed a dire elephant
 17523 | Lair:2   | Slain by a dire elephant

Skill      XL: |  1  2  3  4  5  6  7  8  9 10 11 12 13 |
---------------+----------------------------------------+-----
Shields        | 4 5 6 7 8 10 11 12 | 12.8
Fighting       | 4 5 6 8 9 11 12 | 12.1
Axes           | 3 4 5 6 8 10 12 13 15 16 | 16.2
Armour         | 4 5 6 |  6.5
Dodging        | 1 2 3 4 6 7 8 9 |  9.6
Throwing       | 1 2 3 4 |  4.7
Stealth        | 1 2 3 4 5 |  5.0
Invocations    | 1 2 |  2.6
Evocations     | |  0.1

Action                   |  1- 3 |  4- 6 |  7- 9 | 10-12 | 13-15 || total
-------------------------+-------+-------+-------+-------+-------++-------
Melee: War axe           |   112 |   146 |   272 |   673 |    91 ||  1294
       Headbutt          |    16 |    14 |    47 |   154 |    45 ||   276
       Executioner's axe |       |       |       |       |    46 ||    46
Throw: Tomahawk          |       |    21 |    53 |    17 |       ||    91
Invok: Heroism           |       |       |       |    11 |     7 ||    18
       Finesse           |       |       |       |     1 |     1 ||     2
Evoke: Wand              |       |       |       |     1 |       ||     1
  Use: Potion            |       |     1 |     2 |     4 |       ||     7
       Scroll            |       |       |    13 |    10 |     2 ||    25
 Stab: Distracted        |       |     1 |       |     1 |       ||     2
       Sleeping          |       |       |     3 |     2 |     1 ||     6
  Eat: Chunk             |     1 |     7 |    13 |    22 |     5 ||    48
       Pizza             |       |       |     1 |     3 |     1 ||     5
Armor: Scale mail        |    52 |    52 |    36 |       |       ||   140
       Robe              |       |       |    17 |    55 |    24 ||    96
Dodge: Dodged            |    42 |    56 |   141 |   243 |   123 ||   605
Block: Shield            |    59 |    65 |   163 |   370 |    94 ||   751
       Other             |       |       |       |       |     4 ||     4
